 Dungeon Crawl Stone Soup version 0.26-a0-1107-g6118521029 (webtiles) character file.

Game seed: 17880042180560348874

1402 stormannn the Chopper (level 8, 0/70 HPs)
             Began as a Ghoul Fighter on Dec 16, 2020.
             Slain by a gnoll
             ... wielding a +0 halberd
              (8 damage)
             ... on level 5 of the Dungeon.
             The game lasted 00:05:44 (5279 turns).

stormannn the Chopper (Ghoul Fighter)               Turns: 5279, Time: 00:05:45

Health: 0/70       AC: 16    Str: 22    XL:     8   Next: 69%
Magic:  7/7        EV:  4    Int:  3    God:
Gold:   152        SH:  9    Dex:  8    Spells: 7/7 levels left

rFire    . . .     SeeInvis .   a - +0 war axe
rCold    + . .     Faith    .   c - +0 kite shield
rNeg     + + +     Spirit   .   q - +0 plate armour
rPois    ∞         Reflect  .   (no helmet)
rElec    .         Harm     .   (no cloak)
rCorr    .         Rampage  .   (no gloves)
Will     .....                  (no boots)
Stlth    ..........             A - amulet of the acrobat
HPRegen  0.00/turn              e - +4 ring of protection
MPRegen  0.10/turn              B - ring of poison resistance

@: no status effects
A: claws 1, cold resistance 1, negative energy resistance 3, inhibited
regeneration, torment resistance, unbreathing
a: no special abilities


You were on level 5 of the Dungeon.
You visited 1 branch of the dungeon, and saw 5 of its levels.
You also visited: Sewer.

You collected 152 gold pieces.

Inventory:

Hand Weapons
 a - a +0 war axe (weapon)
Armour
 b - a +0 scale mail
 c - a +0 kite shield (worn)
 q - a +0 plate armour (worn)
Jewellery
 e - a +4 ring of protection (left claw)
 A - an amulet of the acrobat (around neck)
 B - a ring of poison resistance (right claw)
Wands
 n - a wand of random effects (40)
 r - a wand of paralysis (10)
 z - a wand of iceblast (10)
Scrolls
 f - 8 scrolls of identify {unknown}
 g - 4 scrolls of remove curse
 h - 6 scrolls of teleportation {unknown}
 k - a scroll of enchant weapon {unknown}
 l - a scroll of enchant armour {unknown}
 p - 3 scrolls of magic mapping {unknown}
 t - 3 scrolls of fear {unknown}
 v - 2 scrolls of fog {unknown}
 y - a scroll of amnesia {unknown}
Potions
 d - 4 potions of might
 i - a potion of lignification {unknown}
 j - a potion of berserk rage {unknown}
 m - 3 potions of mutation
 o - 4 potions of curing {unknown}
 s - a potion of degeneration {unknown}
 u - a potion of haste {unknown}
 w - a potion of brilliance {unknown}
 x - a potion of attraction {unknown}


   Skills:
 + Level 6.1 Fighting
 * Level 6.2 Axes
 + Level 5.0 Armour
 + Level 5.0 Shields


You had 7 spell levels left.
You didn't know any spells.
Your spell library was empty.

Dungeon Overview and Level Annotations

Branches:
Dungeon (5/15)              Sewer (visited)
 Temple: D:4-7

Altars:
Ashenzari

Shops:
D:4 =   D:5 [

Annotations:
D:3 1 runed translucent door, senyk's ghost, amateur DsMo


Innate Abilities, Weirdness & Mutations

You thrive by killing the living.
You are immune to poison.
You have sharp fingernails.
Your flesh is cold resistant. (rC+)
You are immune to negative energy. (rN+++)
You do not regenerate when monsters are visible.
You are immune to unholy pain and torment.
You can survive without breathing.


Message History

The hound misses you. The hound barely misses you.
The hound bites you but does no damage.
You see here a wolf corpse.
You slash the hound!
You kill the hound!
You hit the hound. You hit the gnoll. The hound bites you but does no damage.
You block the gnoll's attack. The hound completely misses you.
You feel your intelligence returning.
You barely miss the gnoll.
The gnoll is moderately wounded.
You slash the hound!
You kill the hound!
The gnoll hits you with a +0 halberd.
* * * LOW HITPOINT WARNING * * *
The gnoll barely misses you.
Your Armour skill increases to level 5!
You hit the gnoll.
The gnoll is heavily wounded.
The gnoll hits you with a +0 halberd!
You die...

##......).###....###.........
#........#####....#..##......
.........'...##......#.......
#........'g..##..............
..##........'...##....#.........
#...........## ##.....###.......
#...##.......###†......###......
......#.......g....##..#.#.##...
......#####...#@†...........#...
.......####...#........#........
........##.......#####.#...#....
......#.##.##....# #......##....
#..............###.......#....
#.###.....###...#.......##....
#.#####_#####............##...
#.###.....###..)..............
#.......................#.....


You could see a gnoll.

Vanquished Creatures
  Duvessa (D:4)
  A sky beast (D:5)
  An ogre (D:4)
  A centaur (D:3)
  A wolf (D:5)
  3 bullfrogs
  Dowan (D:4)
  2 howler monkeys (D:4)
  7 hounds
  2 worker ants
  A worker ant zombie (D:5)
  7 gnolls
  16 adders
  A river rat (Sewer)
  A white imp (D:5)
  An ufetubus (D:5)
  An ooze (D:4)
  2 worms
  A dart slug (D:2)
  5 leopard geckos
  8 orcs
  15 ball pythons
  8 giant cockroaches
  5 goblins
  10 hobgoblins
  2 jackals (D:4)
  4 quokkas
  7 bats
  3 frilled lizards
  2 kobolds
  A leopard gecko zombie (D:5)
  A quokka skeleton (D:4)
  36 rats
158 creatures vanquished.

Notes
Turn   | Place    | Note
-------+----------+-------------------------------------------
     0 | D:1      | stormannn the Ghoul Fighter began the quest for the Orb.
     0 | D:1      | Reached XP level 1. HP: 19/19 MP: 0/0
   286 | D:1      | Reached XP level 2. HP: 26/26 MP: 1/1
  1148 | D:2      | Reached XP level 3. HP: 31/31 MP: 2/2
  1381 | D:2      | Reached XP level 4. HP: 26/40 MP: 3/3
  2178 | D:3      | Noticed a centaur
  2190 | D:3      | Killed a centaur
  2191 | D:3      | Reached XP level 5. HP: 8/46 MP: 4/4
  2805 | D:3      | Reached XP level 6. HP: 53/53 MP: 5/5
  2862 | D:3      | Noticed senyk's ghost (amateur DsMo)
  2886 | D:3      | Found a runed translucent door.
  3328 | D:4      | Found Caan's Jewellery Shop.
  3339 | D:4      | Noticed Duvessa
  3355 | D:4      | Killed Duvessa
  3356 | D:4      | Reached XP level 7. HP: 37/60 MP: 6/6
  3365 | D:4      | Noticed Dowan
  3387 | D:4      | Killed Dowan
  3683 | D:4      | Found a glowing drain.
  3691 | Sewer    | Entered a sewer
  3790 | Sewer    | Reached skill level 5 in Fighting
  3941 | Sewer    | Reached skill level 5 in Axes
  4219 | D:4      | Reached XP level 8. HP: 37/69 MP: 7/7
  4739 | D:5      | Entered Level 5 of the Dungeon
  4846 | D:5      | Found Immauhin's Armour Shop.
  5229 | D:5      | Found a broken altar of Ashenzari.
  5276 | D:5      | Reached skill level 5 in Shields
  5279 | D:5      | Reached skill level 5 in Armour
  5279 | D:5      | Slain by a gnoll

Illustrated notes

Levels and vault maps discovered:
D:1:      mainiacjoe_arrival_reflecting_pool, layout_loops_corners,
          minmay_tromino_mix6
D:2:      layout_loops_cross
D:3:      layout_rooms, hellmonk_ghost_happy_afterlife
D:4:      layout_cave_pods, serial_shops, shop_statue, portal_sewer_entry_f,
          uniq_duvessa
D:5:      layout_cave_pools, cheibrodos_ashenzari_chains, basic_altar,
          serial_gnoll_camp, grums_kennel, gnoll_camp_mini_doghouse,
          gnoll_camp_mini_house, gnoll_camp_mini_shop

Skill      XL: |  1  2  3  4  5  6  7  8 |
---------------+-------------------------+-----
Axes           | 2 3 4 5 6 |  6.2
Armour         | 3 4 5 |  5.0
Shields        | 3 4 5 |  5.0
Fighting       | 4 5 6 |  6.1

Action                   |  1- 3 |  4- 6 |  7- 9 || total
-------------------------+-------+-------+-------++-------
Melee: War axe           |   115 |   225 |   277 ||   617
  Use: Scroll            |       |     1 |       ||     1
       Potion            |       |       |     4 ||     4
Armor: Scale mail        |    53 |    47 |       ||   100
       Plate armour      |       |    94 |   336 ||   430
Dodge: Dodged            |    47 |    54 |    82 ||   183
Block: Kite shield       |    77 |   119 |   218 ||   414

Table legend: (Time is in decaauts)
 A = Elapsed time spent in this place.
 B = Non-inter-level travel time spent in this place.
 C = Inter-level travel time spent in this place.
 D = Time resting spent in this place.
 E = Time spent auto-exploring this place.
 F = Levels seen in this place.
 G = Mean time per level.
                   A        B        C        D        E       F      G
               +--------+--------+--------+--------+--------+-----+--------+
         Total |   5549 |   5392 |    157 |   1010 |   3114 |   6 |  924.8 |
       Dungeon |   5171 |   5014 |    157 |   1010 |   2922 |   5 | 1034.2 |
         Sewer |    378 |    378 |      0 |      0 |    192 |   1 |  378.0 |
               +--------+--------+--------+--------+--------+-----+--------+

Top non-repeatable levels by time:
     D:4: 1254 daAuts
     D:1: 1144 daAuts
     D:2: 1115 daAuts
     D:3: 1086 daAuts
     D:5: 570 daAuts
   Sewer: 378 daAuts
